 Dungeon Crawl Stone Soup version 0.21.1-1-g345015f (webtiles) character file.

118 shakethe the Skirmisher (level 4, -2/37 HPs)
             Began as a Demonspawn Fighter on Feb 21, 2018.
             Slain by a river rat (6 damage)
             ... summoned by Eustachio
             ... on level 4 of the Dungeon.
             The game lasted 00:03:37 (2539 turns).

shakethe the Skirmisher (Demonspawn Fighter)        Turns: 2539, Time: 00:03:38

Health: -2/37      AC:  6    Str: 22      XL:     4   Next: 72%
Magic:  4/4        EV:  7    Int: 10      God:
Gold:   218        SH:  9    Dex: 11 (12) Spells: 3/3 levels left

rFire    . . .     SeeInvis .   a - +0 war axe
rCold    . . .     Gourm    .   c - +0 shield
rNeg     . . .     Faith    .   b - +0 scale mail
rPois    .         Spirit   .   (no helmet)
rElec    .         Reflect  .   (no cloak)
rCorr    .         Harm     .   (no gloves)
MR       .....                  (no boots)
Stlth    ..........             (no amulet)
HPRegen  0.12/turn              (no ring)
MPRegen  0.09/turn              (no ring)

@: mighty
A: spiny 2
a: no special abilities


You were on level 4 of the Dungeon.
You were very hungry.

You visited 1 branch of the dungeon, and saw 4 of its levels.

You collected 218 gold pieces.

Inventory:

Hand Weapons
 a - a +0 war axe (weapon)
Armour
 b - a +0 scale mail (worn)
 c - a +0 shield (worn)
 q - a +0 plate armour
   (You found it on level 3 of the Dungeon)
Jewellery
 p - an uncursed ring of magical power {unknown}
   (You found it on level 2 of the Dungeon)
 r - an uncursed ring of ice {unknown}
   (You found it on level 3 of the Dungeon)
Scrolls
 e - 2 scrolls of identify {unknown}
 g - a scroll of random uselessness {unknown}
 h - 4 scrolls of amnesia {unknown}
 i - 2 scrolls of fog {unknown}
 j - 2 scrolls of immolation {unknown}
 k - a scroll of enchant weapon {unknown}
 l - a scroll of remove curse {unknown}
 n - 2 scrolls of teleportation {unknown}
Potions
 m - 2 potions of curing {unknown}
 o - a potion of lignification {unknown}
 s - 3 potions of haste {unknown}
 t - a potion of cancellation {unknown}
Comestibles
 f - 4 rations


   Skills:
 + Level 4.0 Fighting
 + Level 3.0 Axes
 + Level 3.6 Armour
 - Level 2.6 Shields


You had 3 spell levels left.
You didn't know any spells.

Dungeon Overview and Level Annotations

Branches:
Dungeon (4/15)
 Temple: D:4-7

Altars:

Annotations:
D:3 shakethe's ghost, amateur DsFi
D:4 Eustachio


Innate Abilities, Weirdness & Mutations

You are mostly covered in sharp spines.


Message History

The quasit claws you but does no damage.
You block the adder's attack.
Eustachio casts a spell.
Eustachio blinks!
You block the iron imp's attack.
The shadow imp hits you but does no damage.
The quasit bites you but does no damage.
The quasit claws you but does no damage.
The quasit claws you. The adder is struck by your spines. The adder bites you.
You take 3 damage, and have 28/37 hp.
You slash the adder!
You kill the adder!
Your Axes skill increases to level 3!
You hit the quasit. You hit the iron imp. You closely miss the shadow imp.
The quasit bites you.
You feel clumsy. The quasit completely misses you.
You block the quasit's attack.
The shadow imp is struck by your spines.
The shadow imp barely misses you. You block the iron imp's attack.
You block the quasit's attack. The quasit barely misses you.
The quasit claws you but does no damage.
The shadow imp gestures at you. Pain shoots through your body!
You take 4 damage, and have 24/37 hp.
The iron imp laughs crazily.
The quasit is struck by your spines.
The quasit bites you but does no damage.
You block the quasit's attack. x2
The quasit is struck by your spines. The quasit barely misses you.
The quasit claws you but does no damage. x2
You block Eustachio's attack. You block the quasit's attack.
The quasit claws you but does no damage. x2
You barely miss Eustachio. You hit the quasit.
You kill the quasit!
You hit the iron imp. You hit the shadow imp.
Eustachio mumbles some strange words.
Eustachio blinks!
The shadow imp hits you but does no damage.
The iron imp closely misses you.
Eustachio mumbles some strange words.
You hit Eustachio but do no damage. You barely miss the quokka.
You hit the shadow imp but do no damage.
You block Eustachio's attack. The bat is struck by your spines.
You kill the bat!
The bat's corpse disappears in a puff of smoke!
The shadow imp is struck by your spines.
The shadow imp hits you but does no damage.
The quokka is struck by your spines.
The quokka bites you but does no damage.
Eustachio is struck by your spines. Eustachio hits you but does no damage.
You closely miss Eustachio. You closely miss the iron imp.
Your shield prevents you from hitting the quokka.
You hit the shadow imp. You block the shadow imp's attack.
The quokka bites you.
The river rat twitches its whiskers.
The iron imp hits you!
The shadow imp is struck by your spines.
You kill the shadow imp!
Eustachio casts a spell.
Eustachio blinks!
The quokka is struck by your spines.
You kill the quokka!
The quokka's corpse disappears in a puff of smoke!
You take 9 damage, and have 16/37 hp.
MASSIVE DAMAGE!!
Eustachio mumbles some strange words.
Eustachio blinks!
Eustachio mumbles some strange words.
The bat barely misses you. You block Eustachio's attack.
You hit Eustachio. You barely miss the rat. You barely miss the river rat.
You hit the iron imp.
You kill the iron imp!
You hit the river rat. The bat is struck by your spines.
You kill the bat!
The bat's corpse disappears in a puff of smoke!
You block the river rat's attack. Eustachio hits you with a rapier.
The river rat barely misses you. You block the rat's attack.
The river rat is struck by your spines.
The river rat bites you but does no damage.
You take 5 damage, and have 12/37 hp.
You barely miss Eustachio. You hit the rat.
You kill the rat!
The rat's corpse disappears in a puff of smoke!
You hit the river rat. x2; The river rat completely misses you.
Eustachio hits you but does no damage.
The river rat bites you but does no damage.
You block the river rat's attack. Eustachio hits you with a rapier.
* * * LOW HITPOINT WARNING * * *
You take 3 damage, and have 9/37 hp.
You feel very mighty all of a sudden. The river rat is struck by your spines.
The river rat bites you.
* * * LOW HITPOINT WARNING * * *
You block the river rat's attack.
You take 5 damage, and have 4/37 hp.
You slash Eustachio!
Your shield and scale mail prevent you from hitting the river rat.
You hit the river rat.
You kill the river rat!
The river rat's corpse disappears in a puff of smoke!
Eustachio casts a spell.
Eustachio blinks!
The river rat bites you.
You die...

.. ....#.###...#....
... #.....#<.......
.>.#####......#.....##
.......#..@...+.......
........###†...#.......
.......................
..............#.....###
.........†r...#..##..
..........@§###.......
..........§§# .....
............# ....
...........##
.!.........#
...........#
.......$...#
...####....# .. #....#


You could see Eustachio and a river rat.

Vanquished Creatures
  An orc wizard (D:3)
  3 adders
  An ooze (D:2)
  A worm (D:2)
  A dart slug (D:4)
  A leopard gecko (D:1)
  3 orcs (D:3)
  8 bats
  4 giant cockroaches (D:1)
  4 goblins
  2 hobgoblins
  4 jackals
  A quokka (D:2)
  3 ball pythons (D:1)
  2 frilled lizards
  7 kobolds
  7 rats
  A fungus (D:3)
54 creatures vanquished.

Vanquished Creatures (others)
  A fungus (D:3)
1 creature vanquished.

Grand Total: 55 creatures vanquished

Notes
Turn   | Place    | Note
-------+----------+-------------------------------------------
     0 | D:1      | shakethe the Demonspawn Fighter began the quest for the Orb.
     0 | D:1      | Reached XP level 1. HP: 18/18 MP: 1/1
    81 | D:1      | Reached skill level 2 in Axes
    95 | D:1      | Gained mutation: You are partially covered in sharp spines. [demonic ancestry]
    95 | D:1      | Reached XP level 2. HP: 17/24 MP: 2/2
   208 | D:1      | Reached skill level 3 in Armour
   676 | D:2      | Gained mutation: You are mostly covered in sharp spines. [demonic ancestry]
   676 | D:2      | Reached XP level 3. HP: 29/29 MP: 3/3
  1326 | D:3      | Noticed shakethe's ghost (amateur DsFi)
  2093 | D:3      | Reached XP level 4. HP: 36/37 MP: 4/4
  2512 | D:4      | Noticed Eustachio
  2517 | D:4      | Reached skill level 4 in Fighting
  2525 | D:4      | Reached skill level 3 in Axes
  2537 | D:4      | HP: 9/37 [Eustachio/rapier (3)]
  2538 | D:4      | HP: 4/37 [river rat[Eustachio] (5)]
  2539 | D:4      | Slain by a river rat

Skill      XL: |  1  2  3  4 |
---------------+-------------+-----
Axes           | 2 3 |  3.0
Armour         | 3 |  3.6
Fighting       | 4 |  4.0
Shields        | |  2.6

Action                   |  1- 3 |  4- 6 || total
-------------------------+-------+-------++-------
Melee: War axe           |   127 |    30 ||   157
  Use: Potion            |       |     1 ||     1
  Eat: Chunk             |     3 |     1 ||     4
Armor: Scale mail        |    52 |    22 ||    74
Dodge: Dodged            |    37 |    16 ||    53
Block: Shield            |    61 |    33 ||    94

Vault maps used:
D:1:      co_arrival_square_in_a_square_in_a_square, minmay_misc_feat_diagonals,
          minmay_distorted
D:3:      first_ration, minmay_gold_behind_fungi, roderic_lattice_a
D:4:      kennysheep_mini, gammafunk_temple_overflow_statue,
          corexii_corridor_pit, uniq_eustachio

Table legend:
 A = Turns spent in this place as a percentage of turns spent in the entire game.
 B = Non-inter-level travel turns spent in this place as a percentage of non-inter-level travel turns spent in the entire game.
 C = Inter-level travel turns spent in this place as a percentage of turns spent in this place.
 D = Turns resting spent in this place as a percentage of non-inter-level travel turns spent in this place.
 E = Turns spent auto-exploring this place as a percentage of non-inter-level travel turns spent in this place.
 F = Non-inter-level travel turns spent in this place divided by the number of levels of this place that you've seen.
                   A       B       C       D       E      F
               +-------+-------+-------+-------+-------+----------------------
         Total | 100.0 | 100.0 |   4.4 |  27.9 |  43.9 | 607.0
       Dungeon | 100.0 | 100.0 |   4.4 |  27.9 |  43.9 | 607.0
               +-------+-------+-------+-------+-------+----------------------

Table legend:
 A = Kills in this place as a percentage of kills in entire the game.
 B = Kills by you in this place as a percentage of kills by you in the entire game.
 C = Kills by friends in this place as a percentage of kills by friends in the entire game.
 D = Other kills in this place as a percentage of other kills in the entire game.
 E = Experience gained in this place as a percentage of experience gained in the entire game.
 F = Experience gained in this place divided by the number of levels of this place that you have seen.
                   A       B       C       D       E      F
               +-------+-------+-------+-------+-------+----------------------
         Total | 100.0 | 100.0 |   N/A |   N/A | 100.0 |  42.2
       Dungeon | 100.0 | 100.0 |   N/A |   N/A | 100.0 |  42.2
               +-------+-------+-------+-------+-------+----------------------
